 Dungeon Crawl Stone Soup version 0.27-a0-1334-g2746e35aca (webtiles) character file.

Game seed: 8623006366251815718

4568 hatdisgam the Covert (level 10, -6/82 HPs)
             Began as a Gnoll Delver on June 26, 2021.
             Was a Believer of Makhleb.
             Mangled by a komodo dragon (22 damage)
             ... on level 9 of the Dungeon.
             The game lasted 00:13:43 (12043 turns).

hatdisgam the Covert (Gnoll Delver)                Turns: 12043, Time: 00:13:44

Health: -6/82      AC:  7    Str: 12    XL:     10   Next: 41%
Magic:  17/17      EV: 15    Int: 15    God:    Makhleb [**....]
Gold:   136        SH:  0    Dex: 13    Spells: 19/19 levels left

rFire    + . .     SeeInvis +   h - +1 hand axe (elec)
rCold    . . .     Faith    +   (no shield)
rNeg     . . .     Spirit   .   G - +2 robe {Will+}
rPois    .         Reflect  .   M - +3 crown of Dyrovepreva {rElec Int+2 SInv}
rElec    +         Harm     .   (no cloak)
rCorr    .         Rampage  .   (no gloves)
Will     +....                  (no boots)
Stlth    +++++.....             m - amulet of faith
HPRegen  0.23/turn              i - ring of protection from fire
MPRegen  0.15/turn              (no ring)

@: no status effects
A: fangs 1, strong nose, distributed training
a: Renounce Religion, Minor Destruction


You were on level 9 of the Dungeon.
You worshipped Makhleb.
Makhleb was pleased with you.
You visited 2 branches of the dungeon, and saw 10 of its levels.

You collected 318 gold pieces.
You spent 182 gold pieces at shops.

Inventory:

Hand Weapons
 a - a +0 falchion
 h - a +1 hand axe of electrocution (weapon)
 r - a +1 whip of freezing
 F - a +1 whip of flaming
 N - a +4 flail
Missiles
 B - 8 atropa-tipped darts (quivered)
 L - 6 curare-tipped darts
Armour
 b - a +0 leather armour
 f - a +1 leather armour of willpower
 G - a +2 robe of willpower (worn)
 M - the +3 crown of Dyrovepreva (worn) {rElec Int+2 SInv}
   (You found it on level 8 of the Dungeon)

   It affects your intelligence (+2).
   It insulates you from electricity.
   It lets you see invisible.
Jewellery
 i - a ring of protection from fire (left hand)
 m - an amulet of faith (around neck)
 p - an amulet of reflection
 v - a ring of fire
 A - a ring of flight
 J - an amulet of regeneration
 P - a ring of resist corrosion
Wands
 g - a wand of digging (3)
 x - a wand of iceblast (10)
 y - a wand of charming (4)
 K - a wand of acid (4)
Scrolls
 c - a scroll of fog
 d - 3 scrolls of magic mapping
 e - a scroll of fear
 j - 3 scrolls of torment
 n - 2 scrolls of blinking
 q - a scroll of immolation {unknown}
 s - 2 scrolls of teleportation {unknown}
 t - a scroll of holy word {unknown}
 u - 2 scrolls of enchant weapon {unknown}
 w - a scroll of amnesia {unknown}
 z - a scroll of brand weapon {unknown}
 I - 4 scrolls of identify
 O - a scroll of acquirement {unknown}
Potions
 k - a potion of curing
 l - 2 potions of resistance
 o - a potion of attraction {unknown}
 C - a potion of mutation {unknown}
 D - a potion of lignification {unknown}
 E - a potion of brilliance {unknown}


   Skills:
 + Level 8.5 Fighting
 + Level 5.2 Short Blades
 + Level 7.0 Long Blades
 + Level 5.2 Axes
 + Level 5.2 Maces & Flails
 + Level 5.2 Polearms
 + Level 5.2 Staves
 + Level 5.2 Slings
 + Level 5.2 Bows
 + Level 5.2 Crossbows
 + Level 5.2 Throwing
 + Level 5.2 Armour
 + Level 7.0 Dodging
 + Level 10.8 Stealth
 + Level 5.2 Shields
 + Level 5.2 Unarmed Combat
 + Level 5.2 Spellcasting
 + Level 4.3 Conjurations
 + Level 4.3 Hexes
 + Level 4.3 Summonings
 + Level 4.3 Necromancy
 + Level 4.3 Translocations
 + Level 4.3 Transmutations
 + Level 4.3 Fire Magic
 + Level 4.3 Ice Magic
 + Level 4.3 Air Magic
 + Level 4.3 Earth Magic
 + Level 4.3 Poison Magic
 + Level 5.7 Invocations
 + Level 5.2 Evocations


You had 19 spell levels left.
You didn't know any spells.
Your spell library contained the following spells:

 Spells                   Type           Power      Damage    Failure   Level
 Pain                     Necr           64%        1d7       2%          1
 Corpse Rot               Necr/Air       N/A        N/A       4%          2
 Sublimation of Blood     Necr           8%         N/A       4%          2
 Vampiric Draining        Necr           8%         2d7       9%          3
 Animate Dead             Necr           8%         N/A       26%         4
 Ignition                 Fire           8%         3d5       100%        8


Dungeon Overview and Level Annotations

Branches:
Dungeon (9/15)             Temple (1/1) D:5
   Lair: D:8-11         Orc: D:9-12

Altars:
Ashenzari
Cheibriados
Elyvilon
Fedhas
Gozag
Kikubaaqudgha
Makhleb
Nemelex Xobeh
Okawaru
Qazlal
Ru
Sif Muna
Trog
Uskayaw
Vehumet
Xom
Yredelemnul
Zin

Shops:
D:7 !   D:9 [

Annotations:
D:4 2 transporters, Menkaure


Innate Abilities, Weirdness & Mutations

You have very sharp teeth.
Your uncanny sense of smell can sniff out nearby items.
Your experience applies equally to all skills.


Message History

A hornet is nearby!
A hornet is nearby!
A hornet is nearby!
There is a stone staircase leading up here.
You climb upwards.
There is a stone staircase leading down here.
Unknown command.
There is an open door here.
There is a stone staircase leading down here.
You climb downwards.
The komodo dragon hisses angrily.
There is a stone staircase leading up here.
Unknown command.
A komodo dragon is nearby!
You hit the komodo dragon. Your bite misses the komodo dragon.
The komodo dragon is lightly wounded.
The komodo dragon closely misses you.
You hit the komodo dragon.
The komodo dragon is lightly wounded.
The komodo dragon bites you.
You hit the komodo dragon but do no damage.
The komodo dragon is lightly wounded.
The komodo dragon bites you!!
You hit the komodo dragon.
The komodo dragon is lightly wounded.
The komodo dragon barely misses you.
You hit the komodo dragon.
Lightning courses through the komodo dragon!
The komodo dragon is heavily wounded.
The komodo dragon bites you!! x2
* * * LOW HITPOINT WARNING * * *
You hit the komodo dragon but do no damage.
Lightning courses through the komodo dragon!
The komodo dragon is almost dead.
The komodo dragon bites you.
* * * LOW HITPOINT WARNING * * *
You closely miss the komodo dragon.
The komodo dragon is almost dead.
The komodo dragon bites you!!
You die...

.# #..#..##..##..# #..# #..#
.# #..#..##..##..# #..# #..#
.####..#..##..##..# #..# #..#
..........##......####..# #..#
..........##............###..#
.............................#
...........#..##..#####......#
[..........#..##l.# #(###..#
...<..8....#..##@.# #.# #..#
...[.......#..##..# #.# #..#
........>.....##..# #.# #..#
..................# #.# #..#
..........∩.......# #.# #..#
......##.......#..# #.# #..#
......##....<..#..# #.# #..#
......##.......#..# #.# #..#
......##......8#.[#####.###..#


You could see a komodo dragon.

Vanquished Creatures
  Pikel (D:7)
  Joseph (D:7)
  Eustachio (D:4)
  4 steam dragons
  An acid dragon (D:9)
  3 water moccasins
  Duvessa (D:7)
  3 ice beasts
  A black bear (D:6)
  A necrophage (D:7)
  2 ogres
  3 kobold brigands
  Blork the orc (D:6)
  2 bullfrogs (D:7)
  A scorpion (D:7)
  A gnoll sergeant (D:9)
  A water moccasin zombie (D:5)
  Dowan (D:7)
  2 wyvern skeletons
  A water moccasin skeleton (D:5)
  3 wights (D:9)
  4 killer bees (D:9)
  2 centaur zombies
  An orc priest (D:7)
  A centaur skeleton (D:6)
  A bullfrog skeleton (D:6)
  4 hounds
  6 jellies
  3 iguanas
  4 orc wizards
  A scorpion zombie (D:5)
  A hound zombie (D:5)
  4 gnolls (D:9)
  A howler monkey skeleton (D:7)
  8 adders
  A shadow imp (D:5)
  A white imp (D:7)
  2 adder skeletons (D:4)
  A worm (D:2)
  2 dart slugs (D:1)
  24 orcs
  7 ball pythons
  4 endoplasms
  2 giant cockroaches
  6 goblins
  9 hobgoblins
  9 jackals
  4 quokkas
  9 bats
  3 frilled lizards
  20 kobolds
  5 rats
185 creatures vanquished.

Vanquished Creatures (others)
  26 plants (D:9)
26 creatures vanquished.

Grand Total: 211 creatures vanquished

Notes
Turn   | Place    | Note
-------+----------+-------------------------------------------
     0 | D:5      | Reached skill level 9 in Stealth
     0 | D:5      | hatdisgam the Gnoll Delver began the quest for the Orb.
     0 | D:5      | Reached XP level 1. HP: 23/23 MP: 1/1
    43 | D:4      | Reached XP level 2. HP: 11/29 MP: 2/2
   612 | D:2      | Reached XP level 3. HP: 35/35 MP: 3/3
   636 | D:2      | Reached skill level 1 in Invocations
   813 | D:1      | Reached skill level 1 in Short Blades
   813 | D:1      | Reached skill level 1 in Axes
   813 | D:1      | Reached skill level 1 in Maces & Flails
   813 | D:1      | Reached skill level 1 in Polearms
   813 | D:1      | Reached skill level 1 in Staves
   813 | D:1      | Reached skill level 1 in Slings
   813 | D:1      | Reached skill level 1 in Bows
   813 | D:1      | Reached skill level 1 in Crossbows
   813 | D:1      | Reached skill level 1 in Throwing
   813 | D:1      | Reached skill level 1 in Armour
   813 | D:1      | Reached skill level 1 in Shields
   813 | D:1      | Reached skill level 1 in Unarmed Combat
   813 | D:1      | Reached skill level 1 in Spellcasting
   813 | D:1      | Reached skill level 1 in Evocations
   897 | D:1      | Reached XP level 4. HP: 41/41 MP: 5/5
  1892 | D:2      | Found a faded altar of an unknown god.
  2047 | D:2      | Reached skill level 1 in Conjurations
  2047 | D:2      | Reached skill level 1 in Hexes
  2047 | D:2      | Reached skill level 1 in Summonings
  2047 | D:2      | Reached skill level 1 in Necromancy
  2047 | D:2      | Reached skill level 1 in Translocations
  2047 | D:2      | Reached skill level 1 in Transmutations
  2047 | D:2      | Reached skill level 1 in Fire Magic
  2047 | D:2      | Reached skill level 1 in Ice Magic
  2047 | D:2      | Reached skill level 1 in Air Magic
  2047 | D:2      | Reached skill level 1 in Earth Magic
  2047 | D:2      | Reached skill level 1 in Poison Magic
  2414 | D:3      | Reached XP level 5. HP: 33/47 MP: 6/6
  2625 | D:3      | Found a shimmering altar of Xom.
  2913 | D:4      | Found a basalt altar of Yredelemnul.
  3038 | D:4      | Noticed Eustachio
  3062 | D:4      | Killed Eustachio
  3063 | D:4      | Reached skill level 5 in Long Blades
  3063 | D:4      | Reached skill level 5 in Dodging
  3063 | D:4      | Reached XP level 6. HP: 10/53 MP: 7/9
  3348 | D:4      | Found an ancient bone altar of Kikubaaqudgha.
  3349 | D:4      | Noticed Menkaure
  3360 | D:4      | Found a bloodstained altar of Trog.
  3489 | D:4      | Found a transporter.
  3491 | D:4      | Found a transporter.
  4252 | D:5      | Noticed an ice beast
  4260 | D:5      | Killed an ice beast
  4261 | D:5      | Reached XP level 7. HP: 34/60 MP: 10/10
  4404 | D:5      | Found a staircase to the Ecumenical Temple.
  4445 | Temple   | Entered the Ecumenical Temple
  4528 | Temple   | Became a worshipper of Makhleb the Destroyer
  5215 | D:5      | Found a sparkling altar of Nemelex Xobeh.
  5405 | D:5      | Reached skill level 10 in Stealth
  5519 | D:6      | Reached XP level 8. HP: 67/67 MP: 12/12
  5605 | D:6      | Noticed Blork the orc
  5614 | D:6      | Killed Blork the orc
  6113 | D:6      | Reached * piety under Makhleb
  7030 | D:7      | Reached XP level 9. HP: 59/72 MP: 14/14
  7092 | D:7      | Noticed Joseph
  7105 | D:7      | Killed Joseph
  7498 | D:7      | Found a shimmering blue altar of Sif Muna.
  7710 | D:7      | Noticed Dowan
  7710 | D:7      | Noticed Duvessa
  8212 | D:7      | Found Nunusm's Distillery.
  8246 | D:7      | Noticed Pikel
  8252 | D:7      | Killed Pikel
  8268 | D:7      | Bought a potion of heal wounds for 65 gold pieces
  8268 | D:7      | Bought a potion of curing for 39 gold pieces
  8268 | D:7      | Bought 2 potions of curing for 78 gold pieces
  8429 | D:7      | Killed Duvessa
  8430 | D:7      | Reached skill level 5 in Invocations
  8431 | D:7      | Killed Dowan
  8868 | D:7      | Reached XP level 10. HP: 15/80 MP: 17/17
  9638 | D:8      | Identified the Catalogue of the Evil Volcanoes
  9706 | D:8      | Found an opulent altar of Gozag.
  9919 | D:8      | Reached skill level 5 in Short Blades
  9919 | D:8      | Reached skill level 5 in Axes
  9919 | D:8      | Reached skill level 5 in Maces & Flails
  9919 | D:8      | Reached skill level 5 in Polearms
  9919 | D:8      | Reached skill level 5 in Staves
  9919 | D:8      | Reached skill level 5 in Slings
  9919 | D:8      | Reached skill level 5 in Bows
  9919 | D:8      | Reached skill level 5 in Crossbows
  9919 | D:8      | Reached skill level 5 in Throwing
  9919 | D:8      | Reached skill level 5 in Armour
  9919 | D:8      | Reached skill level 5 in Shields
  9919 | D:8      | Reached skill level 5 in Unarmed Combat
  9919 | D:8      | Reached skill level 5 in Spellcasting
  9919 | D:8      | Reached skill level 5 in Evocations
 10533 | D:8      | Found a stormy altar of Qazlal.
 10654 | D:8      | Found the +3 crown of Dyrovepreva {rElec Int+2 SInv}
 10745 | D:9      | Found Tiajuyd's Antique Armour Shop.
 10754 | D:9      | Reached ** piety under Makhleb
 11383 | D:9      | Identified the +1 robe of the Raven {Str+2 Int+2}
 12043 | D:9      | Mangled by a komodo dragon

Illustrated notes

Levels and vault maps discovered:
D:1:      dpeg_arrival_simpleton_b, layout_basic
D:2:      layout_basic, shapermc_ecumenical_altar_gd
D:3:      layout_basic, xom_teletrap_fun
D:4:      layout_loops_ring, trog_three_pillars_becter,
          gammafunk_temple_of_torment, uniq_eustachio, uniq_menkaure
D:5:      layout_loops_ring, old_standard_altar, minmay_temple_entry_arrows
D:6:      layout_basic, uniq_blork_the_orc
D:7:      minmay_evil_eye, layout_gridville, overflow_temple_1_default,
          serial_shops, shop, uniq_pikel, uniq_duvessa, uniq_joseph
D:8:      layout_basic, nicolae_qazlal_scattered_showers,
          nicolae_gozag_seed_capital, minmay_misc_feat_plants
D:9:      layout_long_grid, riverfiend_overflow_shadow_ancestor,
          general_overflow_altar, david_lair_shrubbed, serial_shops,
          nicolae_stop_n_shop_1
Temple:   cyrus_temple_forest

Skill      XL: |  1  2  3  4  5  6  7  8  9 10 |
---------------+-------------------------------+-----
Stealth        | 10 | 10.8
Invocations    | 1 2 3 4 5 |  5.7
Short Blades   | 1 2 3 4 5 |  5.2
Axes           | 1 2 3 4 5 |  5.2
Maces & Flails | 1 2 3 4 5 |  5.2
Polearms       | 1 2 3 4 5 |  5.2
Staves         | 1 2 3 4 5 |  5.2
Slings         | 1 2 3 4 5 |  5.2
Bows           | 1 2 3 4 5 |  5.2
Crossbows      | 1 2 3 4 5 |  5.2
Throwing       | 1 2 3 4 5 |  5.2
Armour         | 1 2 3 4 5 |  5.2
Shields        | 1 2 3 4 5 |  5.2
Unarmed Combat | 1 2 3 4 5 |  5.2
Spellcasting   | 1 2 3 4 5 |  5.2
Evocations     | 1 2 3 4 5 |  5.2
Conjurations   | 1 2 3 4 |  4.3
Hexes          | 1 2 3 4 |  4.3
Summonings     | 1 2 3 4 |  4.3
Necromancy     | 1 2 3 4 |  4.3
Translocations | 1 2 3 4 |  4.3
Transmutations | 1 2 3 4 |  4.3
Fire Magic     | 1 2 3 4 |  4.3
Ice Magic      | 1 2 3 4 |  4.3
Air Magic      | 1 2 3 4 |  4.3
Earth Magic    | 1 2 3 4 |  4.3
Poison Magic   | 1 2 3 4 |  4.3
Long Blades    | 5 6 7 |  7.0
Dodging        | 5 6 7 |  7.0
Fighting       | 7 8 |  8.5

Action                   |  1- 3 |  4- 6 |  7- 9 | 10-12 || total
-------------------------+-------+-------+-------+-------++-------
Melee: Falchion          |    42 |       |       |       ||    42
       Bite              |     5 |    11 |    28 |    13 ||    57
       Hand axe          |    29 |   169 |   264 |   130 ||   592
       Punch             |       |       |     2 |     2 ||     4
  Use: Scroll            |       |     5 |     1 |       ||     6
       Potion            |       |     2 |     5 |     2 ||     9
 Stab: Sleeping          |     2 |    19 |    11 |     5 ||    37
       Distracted        |     1 |       |       |       ||     1
Armor: Leather armour    |    23 |    39 |    50 |       ||   112
       Robe              |       |       |     7 |    27 ||    34
Dodge: Dodged            |    72 |   122 |   176 |    99 ||   469
       Rpst.: Falchion   |    13 |       |       |       ||    13

Table legend: (Time is in decaauts)
 A = Elapsed time spent in this place.
 B = Non-inter-level travel time spent in this place.
 C = Inter-level travel time spent in this place.
 D = Time resting spent in this place.
 E = Time spent auto-exploring this place.
 F = Levels seen in this place.
 G = Mean time per level.
                   A        B        C        D        E       F      G
               +--------+--------+--------+--------+--------+-----+--------+
         Total |  12117 |  11722 |    395 |   1582 |   8382 |  10 | 1211.7 |
       Dungeon |  11989 |  11632 |    357 |   1582 |   8321 |   9 | 1332.1 |
        Temple |    128 |     90 |     38 |      0 |     61 |   1 |  128.0 |
               +--------+--------+--------+--------+--------+-----+--------+

Top non-repeatable levels by time:
     D:7: 2187 daAuts
     D:5: 1907 daAuts
     D:8: 1666 daAuts
     D:6: 1469 daAuts
     D:4: 1307 daAuts
     D:2: 1002 daAuts
     D:9: 926 daAuts
     D:1: 786 daAuts
     D:3: 734 daAuts
  Temple: 128 daAuts
